AoeStats
← vivrant

Oasis

510168682Analyzed
4v4 RM · 3d ago on Sep 29, 2026· 48m 42s· 8 players
Game mode
Random Map
Map size
Large (8 player)
Population
200
Speed
Normal
Resources
Standard
Victory
Conquest
Starting age
Dark Age
Ending age
Imperial Age
RankedLock teamsTeams togetherTeam positionsShared explorationLock speedFull tech treeHidden civsTurbo modeCheats
Victory
Defeat
🇩🇪 Magyars · Germany
974
+10
🇩🇪 Poles · Germany
946
+12
🇨🇿 Dravidians · Czechia
929
+12
🇨🇦 Goths · Canada
891
+13
🇨🇳 Hindustanis · China
899
-14
🇺🇸 Huns · United States
873
-13
🇿🇦 Byzantines · South Africa
805
-10
🇺🇸 Bulgarians · United States
803
-10
vivrant
13:14 Feudal Age
21:09 Castle Age
22:38 Scale Mail Armor
22:30 Fletching
22:51 Forging
24:45 Bodkin Arrow
29:36 Anarchy
33:50 Pikeman
34:42 Squires
37:11 Chain Mail Armor
39:48 Iron Casting
47:08 Imperial Age
schronnel
9:53 Feudal Age
12:28 Horse Collar
17:32 Bloodlines
17:59 Scale Barding Armor
23:32 Castle Age
22:05 Double-Bit Axe
24:58 Chain Barding Armor
24:01 Light Cavalry
24:42 Husbandry
32:15 Pikeman
33:03 Stone Mining
33:04 Gold Mining
33:41 Scale Mail Armor
33:47 Scale Mail Armor
34:56 Wheelbarrow
35:58 Chain Mail Armor
38:45 Imperial Age
41:43 Hand Cart
43:11 Conscription
44:29 Plate Barding Armor
44:11 Hussar
46:07 Elite Magyar Huszar
Macholdi
0:43 Loom
12:31 Feudal Age
13:53 Wheelbarrow
13:07 Double-Bit Axe
13:12 Horse Collar
20:52 Castle Age
20:20 Gold Mining
20:26 Stone Mining
22:05 Hand Cart
22:43 Heavy Plow
22:56 Bow Saw
25:02 Stone Shaft Mining
27:12 Forging
27:08 Scale Barding Armor
33:26 Imperial Age
35:38 Chemistry
35:13 Husbandry
35:24 Bloodlines
34:36 Cavalier
35:38 Conscription
35:24 Szlachta Privileges
35:43 Lechitic Legacy
34:50 Light Cavalry
36:00 Winged Hussar
37:32 Chain Barding Armor
37:48 Iron Casting
38:26 Caravan
38:57 Coinage
39:34 Crop Rotation
46:53 Banking
píno
2:02 Loom
10:12 Feudal Age
11:03 Double-Bit Axe
11:01 Horse Collar
14:14 Man-at-Arms
14:58 Scale Mail Armor
17:51 Gold Mining
21:23 Castle Age
19:56 Padded Archer Armor
20:08 Fletching
21:19 Forging
21:37 Scale Barding Armor
23:04 Heavy Plow
25:04 Gambesons
26:29 Ballistics
28:48 Wheelbarrow
28:52 Bow Saw
28:56 Town Watch
29:30 Leather Archer Armor
29:23 Squires
29:50 Long Swordsman
30:48 Hand Cart
30:52 Bodkin Arrow
31:20 Masonry
36:37 Imperial Age
34:27 Chain Mail Armor
34:59 Medical Corps
34:57 Pikeman
36:41 Two-Handed Swordsman
39:15 Halberdier
41:23 Champion
45:31 Chemistry
48:51 Ring Archer Armor
48:21 Bracer
Anipazronkin
0:29 Loom
2:07 Loom
14:32 Feudal Age
16:04 Wheelbarrow
15:16 Double-Bit Axe
15:23 Gold Mining
15:54 Stone Mining
15:48 Horse Collar
21:25 Scale Barding Armor
21:31 Forging
24:20 Castle Age
22:07 Town Watch
24:26 Castle Age
24:28 Fletching
26:04 Bow Saw
26:09 Heavy Plow
26:18 Caravan
26:50 Hand Cart
27:27 Gold Shaft Mining
28:39 Bodkin Arrow
28:55 Forging
28:51 Scale Barding Armor
28:50 Husbandry
29:00 Bloodlines
31:20 Chain Barding Armor
30:46 Light Cavalry
39:27 Iron Casting
44:53 Marauders
49:42 Imperial Age
Booger Flicker X
种田养鱼
12:15 Feudal Age
13:08 Loom
16:25 Castle Age
14:47 Double-Bit Axe
15:05 Horse Collar
19:01 Bow Saw
21:33 Heavy Plow
21:29 Town Watch
22:38 Gold Mining
22:50 Stone Mining
24:43 Wheelbarrow
29:43 Imperial Age
30:30 Ballistics
31:38 Chemistry
31:07 Heavy Camel Rider
31:47 Husbandry
31:58 Bloodlines
31:59 Forging
31:55 Scale Barding Armor
33:30 Shatagni
35:38 Iron Casting
34:30 Light Cavalry
35:45 Elite Skirmisher
36:18 Fletching
36:29 Padded Archer Armor
36:58 Bodkin Arrow
38:05 Blast Furnace
37:47 Bracer
38:03 Leather Archer Armor
37:53 Hussar
39:54 Chain Barding Armor
40:39 Ring Archer Armor
45:25 Plate Barding Armor
45:34 Pikeman
46:14 Squires
46:16 Scale Mail Armor
Hondkop
0:28 Loom
11:24 Feudal Age
20:53 Castle Age
25:10 Double-Bit Axe
25:10 Horse Collar
28:14 Scale Barding Armor
30:44 Pikeman
45:18 Imperial Age
Connection lost

Rejoining the realm…

Still unreachable

The connection could not be restored.

Session expired

The server has moved on; the page needs a fresh start.